 Dungeon Crawl Stone Soup version 0.28.0 (webtiles) character file.

Game seed: 4379907018429591488

3646 Anon1729 the Insei (level 10, -1/102 HPs)
             Began as an Octopode Transmuter on Feb 16, 2022.
             Was a Believer of Fedhas.
             Slain by Fannar (5 damage)
             ... on level 10 of the Dungeon.
             The game lasted 00:13:08 (9994 turns).

Anon1729 the Insei (Octopode Transmuter)            Turns: 9994, Time: 00:13:08

Health: -1/102     AC: 25    Str: 23    XL:     10   Next: 12%
Magic:  17/18      EV:  2    Int: 25    God:    Fedhas [**....]
Gold:   229        SH:  0    Dex: 12    Spells: 14/20 levels left

rFire   x . .      SeeInvis .     - Unarmed
rCold   + . .      Faith    .   (no shield)
rNeg    . . .      Spirit   .   (helmet currently unavailable)
rPois   +          Reflect  .   (no amulet)
rElec   .          Harm     .   f - +6 ring of strength
rCorr   .          Rampage  .   i - +6 ring of intelligence
Will    .....      NoTele   +   k - +6 ring of strength
Stlth   +.........              w - ring of poison resistance
HPRegen 0.27/turn               u - ring of ice
MPRegen 0.16/turn               (no ring)
                                (no ring)
                                (no ring)

@: tree-form
A: stationary, stasis, torment immunity, boosted hp, almost no armour,
(amphibious), 8 rings, (camouflage 1), (gelatinous body 1), (nimble swimmer 1),
(tentacles)
a: Renounce Religion, Wall of Briars


You were on level 10 of the Dungeon.
You worshipped Fedhas.
Fedhas was pleased with you.
You were a tree.
You visited 2 branches of the dungeon, and saw 9 of its levels.

You collected 243 gold pieces.
You spent 14 gold pieces at shops.

Inventory:

Armour
 e - an orb of guile
Jewellery
 f - a +6 ring of strength (left branch)
 i - a +6 ring of intelligence (right branch)
 k - a +6 ring of strength (on tentacle)
 u - a ring of ice (on tentacle)
 w - a ring of poison resistance (on tentacle)
Wands
 z - a wand of polymorph (9)
 C - a wand of charming (12)
Scrolls
 d - a scroll of noise
 g - a scroll of enchant armour {unknown}
 j - a scroll of teleportation {unknown}
 m - 2 scrolls of fog
 n - a scroll of magic mapping {unknown}
 o - 3 scrolls of identify
 s - a scroll of vulnerability {unknown}
 v - a scroll of brand weapon {unknown}
 x - 2 scrolls of amnesia {unknown}
 y - 2 scrolls of blinking {unknown}
 B - a scroll of holy word {unknown}
 D - a scroll of immolation {unknown}
 E - 2 scrolls of silence {unknown}
Potions
 a - 2 potions of curing
 b - a potion of invisibility {unknown}
 c - 2 potions of cancellation {unknown}
 h - a potion of might {unknown}
 l - 2 potions of ambrosia {unknown}
 p - a potion of haste {unknown}
 r - a potion of attraction {unknown}
 t - 2 potions of mutation {unknown}
 A - a potion of heal wounds {unknown}


   Skills:
 + Level 5.8 Fighting
 + Level 6.1 Dodging
 + Level 6.4 Unarmed Combat
 + Level 5.7 Spellcasting
 + Level 6.2 Transmutations
 + Level 6.3 Poison Magic


You had 14 spell levels left.
You knew the following spells:

 Your Spells              Type           Power      Damage    Failure   Level
a - Beastly Appendage     Tmut           76%        N/A       1%          1
b - Wereblood             Tmut           38%        N/A       1%          2
c - Spider Form           Tmut/Pois      38%        N/A       1%          3

Your spell library contained the following spells:

 Spells                   Type           Power      Damage    Failure   Level
 Poisonous Vapours        Pois/Air       46%        N/A       3%          2
 Corpse Rot               Necr/Air       14%        N/A       12%         2
 Scorch                   Fire           14%        2d5       12%         2
 Dazzling Flash           Conj/Hex       14%        N/A       22%         3
 Tukima's Dance           Hex            7%         N/A       22%         3
 Ice Form                 Ice/Tmut       34%        N/A       22%         4
 Yara's Violent Unravell  Hex/Tmut       11%        3d6       52%         5
 Flame Wave               Conj/Fire      7%         2d5       58%         4
 Passage of Golubria      Tloc           7%         N/A       58%         4
 Agony                    Necr           7%         N/A       91%         5
 Silence                  Hex/Air        3%         N/A       91%         5
 Summon Cactus Giant      Summ           3%         N/A       100%        6


Dungeon Overview and Level Annotations

Branches:
Dungeon (7/15)             Temple (1/1) D:5

Altars:
Ashenzari
Cheibriados
Dithmenos
Fedhas
Gozag
Hepliaklqana
Kikubaaqudgha
Makhleb
Nemelex Xobeh
Okawaru
Qazlal
Ru
Sif Muna
Uskayaw
Vehumet
Wu Jian
Xom
Yredelemnul
Zin
The Shining One

Shops:
D:1 =   D:2 (!:

Annotations:
D:3 2 runed translucent doors, Manslay's ghost, amateur OpCj
D:4 2 transporters, altcumming's ghost, amateur MiFi
D:10 Fannar


Innate Abilities, Weirdness & Mutations

You are a tree.
Your roots penetrate the ground, keeping you stationary.
You cannot be teleported.
You are immune to unholy pain and torment.
Your maximum health is greatly increased.
You cannot wear most types of armour.
((You are amphibious.))
You can wear up to eight rings at the same time.
((Your skin changes colour to match your surroundings (Stealth+).))
((Your rubbery body absorbs attacks. (AC +1, EV +1)))
((You are camouflaged when in or above water. (Stealth+)))
((You have tentacles for arms and can constrict up to eight enemies at once.))


Message History

* * * LOW HITPOINT WARNING * * *
Unknown command.
Okay, then.
Okay, then.
Really quaff the potion of lignification?
Your transformation has ended.
You turn into a tree.
Your roots penetrate the ground.
Fannar hits you but does no damage.
You hit Fannar.
Fannar is moderately wounded.
Fannar hits you but does no damage.
You barely miss Fannar.
Fannar is moderately wounded.
You smack Fannar!
Fannar is heavily wounded.
Fannar hits you but does no damage.
You hit Fannar.
Fannar is heavily wounded.
Fannar gestures wildly while chanting.
Fannar drains the heat from the surrounding environment!
You resist.
* * * LOW HITPOINT WARNING * * *
You smack Fannar!
Fannar is severely wounded.
Fannar hits you but does no damage.
You smack Fannar!
You punch Fannar, but do no damage.
Fannar is almost dead.
Fannar mumbles some strange words.
Fannar drains the heat from the surrounding environment!
You resist.
* * * LOW HITPOINT WARNING * * *
Okay, then.
Unknown command.
Unknown command.
Okay, then.
You hit Fannar but do no damage.
Fannar is almost dead.
Fannar hits you with a +0 quarterstaff of freezing.
You die...
Fedhas appreciates your contribution to the ecosystem.

# #. ##.#
##...######
#.?....... #
#.......#.#.#
###.....e....#
.......♣.#
###......#
#.###### #


You could see Fannar (very poisoned).

Vanquished Creatures
  Pikel (D:6)
  Prince Ribbit (D:6)
  Sigmund (D:3)
  Edmund (D:4)
  Duvessa (D:6)
  An orc warrior (D:6)
  2 black bears
  An ice beast (D:6)
  A sky beast (D:6)
  A centaur (D:6)
  3 ogres
  A hornet zombie (D:5)
  2 phantoms (D:4)
  A lemure (D:6)
  2 scorpions
  3 water moccasin zombies (D:5)
  A wyvern skeleton (D:5)
  Dowan (D:6)
  A water moccasin skeleton (D:5)
  13 wights
  A bullfrog zombie (D:5)
  5 orc priests (D:6)
  A hound (D:5)
  Crazy Yiuf (D:5)
  2 bullfrog skeletons (D:5)
  A centaur skeleton (D:5)
  Natasha (thrice) (D:3)
  A killer bee zombie (D:5)
  2 hound skeletons (D:5)
  2 howler monkey zombies (D:5)
  7 adders
  2 river rats (D:3)
  2 adder skeletons (D:4)
  2 worms (D:2)
  2 dart slugs (D:1)
  7 orcs
  7 ball pythons
  5 bats
  6 endoplasms
  2 giant cockroaches
  9 hobgoblins
  4 jackals (D:2)
  6 quokkas
  3 frilled lizards
  12 goblins
  7 kobolds
  6 rats
147 creatures vanquished.

Vanquished Creatures (others)
  A withered plant (D:5)
1 creature vanquished.

Grand Total: 148 creatures vanquished

Notes
Turn   | Place    | Note
-------+----------+-------------------------------------------
     0 | D:1      | Anon1729 the Octopode Transmuter began the quest for the
                  | Orb.
     0 | D:1      | Reached XP level 1. HP: 13/13 MP: 3/3
   490 | D:1      | Found Piorph's One-of-a-Kind Rings.
   555 | D:1      | Found a faded altar of an unknown god.
   587 | D:1      | Reached XP level 2. HP: 18/18 MP: 3/5
  1489 | D:1      | Reached XP level 3. HP: 22/23 MP: 4/6
  1791 | D:2      | Found Qirel's Distillery.
  1807 | D:2      | Bought a potion of degeneration for 14 gold pieces
  2349 | D:2      | Reached XP level 4. HP: 29/29 MP: 5/7
  2398 | D:2      | Found Luow's Book Shop.
  2656 | D:2      | Found Utuatho's Weapon Boutique.
  2884 | D:3      | Noticed a scorpion
  2907 | D:3      | Learned a level 2 spell: Wereblood
  2911 | D:3      | Learned a level 3 spell: Spider Form
  2920 | D:3      | Found a blossoming altar of Fedhas.
  2920 | D:3      | Found an ornate altar of the Wu Jian Council.
  2920 | D:3      | Found a snail-covered altar of Cheibriados.
  2920 | D:3      | Found a glowing silver altar of Zin.
  2921 | D:3      | Found an ancient bone altar of Kikubaaqudgha.
  2921 | D:3      | Found a sacrificial altar of Ru.
  2923 | D:3      | Found a broken altar of Ashenzari.
  2923 | D:3      | Found a shimmering blue altar of Sif Muna.
  2923 | D:3      | Found a shimmering altar of Xom.
  2945 | D:3      | Became a worshipper of Fedhas Madash
  2960 | D:3      | Noticed Natasha
  2965 | D:3      | Killed Natasha
  2971 | D:3      | Killed a scorpion
  2972 | D:3      | Reached skill level 1 in Poison Magic
  2972 | D:3      | Reached XP level 5. HP: 27/34 MP: 7/9
  3085 | D:3      | Found a large runed translucent door.
  3085 | D:3      | Found a large runed translucent door.
  3273 | D:3      | Noticed Natasha
  3287 | D:3      | Killed Natasha
  3343 | D:3      | Noticed Sigmund
  3357 | D:3      | Killed Sigmund
  3358 | D:3      | Reached XP level 6. HP: 13/41 MP: 7/10
  3957 | D:3      | Noticed Manslay's ghost (amateur OpCj)
  4111 | D:4      | Noticed a black bear
  4121 | D:4      | Killed a black bear
  4122 | D:4      | Reached XP level 7. HP: 31/46 MP: 8/12
  4231 | D:4      | Found a transporter.
  4329 | D:3      | Noticed Natasha
  4337 | D:3      | Killed Natasha
  4347 | D:4      | Noticed altcumming's ghost (amateur MiFi)
  4347 | D:4      | Found a transporter.
  4353 | D:4      | Noticed Edmund
  4362 | D:4      | Killed Edmund
  4498 | D:4      | Reached * piety under Fedhas
  4901 | D:4      | Reached XP level 8. HP: 9/50 MP: 10/13
  5799 | D:5      | Entered Level 5 of the Dungeon
  6245 | D:5      | Reached skill level 5 in Unarmed Combat
  6807 | D:5      | Found a staircase to the Ecumenical Temple.
  6828 | Temple   | Entered the Ecumenical Temple
  6949 | D:5      | Reached skill level 5 in Dodging
  6949 | D:5      | Reached skill level 5 in Transmutations
  6949 | D:5      | Reached XP level 9. HP: 59/59 MP: 12/15
  7143 | D:5      | Found a runed translucent door.
  7144 | D:5      | Noticed Crazy Yiuf
  7237 | D:5      | Killed Crazy Yiuf
  7447 | D:6      | Reached ** piety under Fedhas
  7754 | D:6      | Reached skill level 5 in Poison Magic
  7975 | D:6      | Noticed Pikel
  7995 | D:6      | Killed Pikel
  7996 | D:6      | Reached skill level 5 in Fighting
  7996 | D:6      | Reached skill level 5 in Spellcasting
  8130 | D:6      | Noticed Duvessa
  8132 | D:6      | Noticed Dowan
  8144 | D:6      | HP: 3/61 [Duvessa (8)]
  8146 | D:6      | Killed Duvessa
  8149 | D:6      | Killed Dowan
  8738 | D:6      | Noticed Prince Ribbit
  8745 | D:6      | Killed Prince Ribbit
  9041 | D:6      | Reached XP level 10. HP: 47/67 MP: 16/18
  9496 | D:6      | Found an opulent altar of Gozag.
  9980 | D:7      | You fall into a shaft and drop 3 floors!
  9980 | D:10     | Entered Level 10 of the Dungeon
  9980 | D:10     | Noticed Fannar
  9993 | D:10     | HP: 4/102 [Fannar/refrigeration (14)]
  9994 | D:10     | Slain by Fannar

Illustrated notes

Levels and vault maps discovered:
D:1:      dpeg_arrival_ternary, layout_basic, basic_ecumenical_altar,
          nicolae_shop_unique_rings, minivault_19, kennysheep_small_spiral,
          corexii_leaking_fountain, minmay_strange_pillars,
          amcnicky_mini_rare_corridor_liquid, solitary_fountain,
          minmay_tiny_reverse_x
D:2:      kennysheep_the_goblin_king, layout_loops_cross, serial_shops, shop,
          nicolae_shop_behind_doors, shop
D:3:      layout_basic, nicolae_overflows_in_rows, portal_sewer_entry_b,
          ebering_ghost_disaster_area, uniq_sigmund, uniq_natasha
D:4:      layout_rooms, gammafunk_ghost_arena, grunt_ministairs_2, uniq_edmund
D:5:      layout_rooms, minmay_temple_entry_waves, serial_undead,
          serial_undead_a, serial_undead_c, serial_undead_a, serial_undead_b,
          serial_undead_d, uniq_crazy_yiuf_cottage
D:6:      layout_layer_cave, kennysheep_little_box, nrook_mini_vaults,
          uniq_duvessa, uniq_pikel, uniq_prince_ribbit1
D:7:      layout_loops_ring
D:10:     layout_loops_corners, uniq_fannar
Temple:   compressed_dpeg_circular_temple

Skill      XL: |  1  2  3  4  5  6  7  8  9 10 |
---------------+-------------------------------+-----
Fighting       | 2 3 4 5 |  5.8
Dodging        | 3 4 5 6 |  6.1
Transmutations | 3 4 5 6 |  6.2
Poison Magic   | 1 2 3 4 6 |  6.3
Unarmed Combat | 4 5 6 |  6.4
Spellcasting   | 3 4 5 |  5.7

Action                   |  1- 3 |  4- 6 |  7- 9 | 10-12 || total
-------------------------+-------+-------+-------+-------++-------
Melee: Unarmed           |    86 |    75 |   253 |    44 ||   458
       Constrict         |    21 |    16 |    27 |     4 ||    68
       Kick              |    17 |     8 |    18 |     6 ||    49
       Tentacles         |     8 |    13 |    28 |     6 ||    55
       Punch             |     2 |     2 |     7 |     1 ||    12
 Cast: Beastly Appendage |    15 |    10 |     8 |     1 ||    34
       Spider Form       |       |     2 |    17 |     3 ||    22
       Wereblood         |       |       |       |     1 ||     1
  Use: Potion            |       |       |     5 |     1 ||     6
       Scroll            |       |       |     2 |       ||     2
 Stab: Sleeping          |    10 |     4 |     8 |     1 ||    23
Armor: Skin              |     6 |     4 |    20 |     4 ||    34
Dodge: Dodged            |    39 |    41 |   168 |    25 ||   273
